 Dungeon Crawl Stone Soup version 0.26-a0-1205-g4083c211ab (webtiles) character file.

Game seed: 9677447605189623414

571 JoshKwa the Covered (level 7, -5/51 HPs)
             Began as a Human Wanderer on Dec 29, 2020.
             Was a Follower of Sif Muna.
             Slain by an ogre
             ... wielding a +0 giant spiked club
              (8 damage)
             ... on level 5 of the Dungeon.
             The game lasted 00:41:45 (7532 turns).

JoshKwa the Covered (Human Wanderer)                Turns: 7532, Time: 00:41:46

Health: -5/51      AC: 16    Str: 15    XL:     7   Next: 60%
Magic:  12/12      EV:  6    Int: 12    God:    Sif Muna [*.....]
Gold:   187        SH:  0    Dex: 12    Spells: 9/13 levels left

rFire    . . .     SeeInvis .   i - +4 spear (flame)
rCold    + . .     Faith    .   (no shield)
rNeg     . . .     Spirit   .   o - +1 chain mail
rPois    .         Reflect  .   c - +1 helmet
rElec    .         Harm     .   (no cloak)
rCorr    .         Rampage  .   f - +2 pair of gloves
Will     .....                  (no boots)
Stlth    ..........             (no amulet)
HPRegen  0.17/turn              n - ring of protection from cold
MPRegen  0.13/turn              (no ring)

@: hasted, very quick
A: no striking features
a: Renounce Religion, Channel Magic


You were on level 5 of the Dungeon.
You worshipped Sif Muna.
Sif Muna was aware of your devotion.
You visited 2 branches of the dungeon, and saw 6 of its levels.

You collected 187 gold pieces.

Inventory:

Hand Weapons
 a - a +2 dagger
 g - a +2 dagger of venom
 h - a +1 short sword of venom
 i - a +4 spear of flaming (weapon)
Missiles
 b - 49 bolts
 k - 2 curare-tipped darts (quivered)
 p - 4 poisoned darts
 q - 118 arrows
Armour
 c - a +1 helmet (worn)
 e - a +0 robe
 f - a +2 pair of gloves (worn)
 o - a +1 chain mail (worn)
Jewellery
 n - a ring of protection from cold (left hand)
Scrolls
 d - 2 scrolls of teleportation
 j - a scroll of remove curse
Potions
 l - a potion of attraction


   Skills:
 * Level 2.5 Fighting
 + Level 1.7 Short Blades
 + Level 3.0 Polearms
 + Level 1.2 Throwing
 * Level 4.8 Armour
 - Level 0.2 Dodging
 + Level 1.4 Stealth
 + Level 3.7 Spellcasting
 + Level 2.0 Fire Magic
 - Level 3.0 Air Magic


You had 9 spell levels left.
You knew the following spells:

 Your Spells              Type           Power        Failure   Level
a - Foxfire               Conj/Fire      16%          95%         1
b - Ignite Poison         Fire/Tmut/Pois 3%           100%        3

Your spell library contained the following spells:

 Spells                   Type           Power        Failure   Level


Dungeon Overview and Level Annotations

Branches:
Dungeon (5/15)             Temple (1/1) D:4

Altars:
Ashenzari
Cheibriados
Dithmenos
Elyvilon
Fedhas
Gozag
Hepliaklqana
Kikubaaqudgha
Makhleb
Nemelex Xobeh
Okawaru
Qazlal
Ru
Sif Muna
Trog
Uskayaw
Vehumet
Wu Jian
Xom
Yredelemnul
Zin
The Shining One


Message History

The ogre is moderately wounded.
You feel sick.
You feel better.
The ogre hits you with a +0 giant spiked club.
You hit the ogre. You burn the ogre.
The ogre is moderately wounded.
The ogre hits you with a +0 giant spiked club.
You hit the ogre. You burn the ogre.
The ogre is heavily wounded.
You barely miss the ogre.
The ogre is heavily wounded.
The ogre barely misses you.
You closely miss the ogre.
The ogre is heavily wounded.
The ogre hits you with a +0 giant spiked club!!
* * * LOW HITPOINT WARNING * * *
Okay, then.
You feel yourself speed up.
The ogre hits you with a +0 giant spiked club!
You die...

..).......# ......#
..........# . ......#
..........##... ......#
..>............ .....
.........#...#. ....
........###.## ##>.#
...###..#....# #...#
..####.##....# #O# .
....#..##....###@###....
.......#####............
...#...##...............
...###...>##............
...# #..#############...
...# #### .. ..## . .##
##


You could see an ogre.

Vanquished Creatures
  2 phantoms
  A scorpion (D:4)
  A jelly (D:5)
  A bullfrog skeleton (D:5)
  An orc priest (D:3)
  A centaur skeleton (D:4)
  3 worker ants
  2 hound skeletons (D:4)
  5 adders
  A river rat (D:4)
  A white imp (D:5)
  2 oozes
  An adder skeleton (D:4)
  2 worms
  A dart slug (D:2)
  A leopard gecko (D:2)
  2 orcs (D:3)
  A ball python (D:4)
  A giant cockroach (D:4)
  5 goblins
  9 hobgoblins
  6 jackals
  A quokka (D:2)
  5 bats
  5 frilled lizards
  5 kobolds
  3 rats
69 creatures vanquished.

Notes
Turn   | Place    | Note
-------+----------+-------------------------------------------
     0 | D:1      | JoshKwa the Human Wanderer began the quest for the Orb.
     0 | D:1      | JoshKwa set off with the following items: a +2 dagger, 3
                  | curare-tipped darts, a potion of lignification, a +0 robe;
                  | and the following spell memorised: Foxfire; and the
                  | following spells available to memorise: Ignite Poison
     0 | D:1      | Reached XP level 1. HP: 13/13 MP: 4/4
  2667 | D:1      | Reached XP level 2. HP: 17/19 MP: 6/6
  3080 | D:1      | Reached XP level 3. HP: 3/24 MP: 8/8
  3479 | D:1      | Learned a level 3 spell: Ignite Poison
  3543 | D:2      | Reached skill level 1 in Fighting
  3544 | D:2      | Reached skill level 1 in Armour
  3962 | D:2      | Reached XP level 4. HP: 32/32 MP: 9/9
  4219 | D:2      | Reached skill level 1 in Short Blades
  5085 | D:3      | Reached XP level 5. HP: 25/37 MP: 10/10
  5669 | D:3      | Reached skill level 2 in Armour
  5828 | D:3      | Found a faded altar of an unknown god.
  6247 | D:3      | Became a worshipper of Sif Muna the Loreminder
  6247 | D:3      | Reached * piety under Sif Muna
  6651 | D:4      | Reached skill level 1 in Polearms
  6658 | D:4      | Reached skill level 3 in Armour
  6658 | D:4      | Reached XP level 6. HP: 41/43 MP: 11/11
  6688 | D:4      | Found a staircase to the Ecumenical Temple.
  6689 | D:4      | Noticed a phantom
  6720 | D:4      | Killed a phantom
  6989 | D:4      | Reached skill level 4 in Armour
  6989 | D:4      | Reached XP level 7. HP: 49/49 MP: 12/12
  7154 | D:4      | Found a hazy altar of Hepliaklqana.
  7256 | Temple   | Entered the Ecumenical Temple
  7355 | D:5      | Entered Level 5 of the Dungeon
  7532 | D:5      | Slain by an ogre

Illustrated notes

Levels and vault maps discovered:
D:1:      sevenhm_arrival_forest_fort_small_4, layout_rooms
D:2:      layout_basic
D:3:      layout_rooms, serial_rivers, chequers_serial_rivers_small_3,
          chequers_serial_rivers_micro_d, chequers_serial_rivers_marsh,
          chequers_serial_rivers_large_b, chequers_serial_rivers_micro_e,
          chequers_ecumenical_altar_island, skrybe_limestone_x
D:4:      layout_basic, nzn_hepliaklqana_mist_gate,
          minmay_temple_entry_large_hall, portal_sewer_entry_b
D:5:      layout_rooms, makhleb_altar_promises_db
Temple:   dpeg_three_leaves_temple

Skill      XL: |  1  2  3  4  5  6  7 |
---------------+----------------------+-----
Fighting       | 1 2 |  2.5
Armour         | 1 3 4 |  4.8
Short Blades   | 1 |  1.7
Polearms       | 1 2 3 |  3.0
Throwing       | |  1.2
Dodging        | |  0.2
Stealth        | |  1.4
Spellcasting   | |  3.7
Fire Magic     | |  2.0
Air Magic      | |  3.0

Action                   |  1- 3 |  4- 6 |  7- 9 || total
-------------------------+-------+-------+-------++-------
Melee: Dagger            |    48 |       |       ||    48
       Spear             |    43 |   140 |    53 ||   236
Throw: Dart              |     6 |     2 |       ||     8
  Use: Potion            |     3 |     3 |     2 ||     8
       Scroll            |     1 |    11 |       ||    12
 Stab: Invisible         |     2 |       |       ||     2
Armor: Robe              |     5 |       |       ||     5
       Chain mail        |    65 |   123 |    24 ||   212
Dodge: Dodged            |    50 |    37 |    19 ||   106

Table legend: (Time is in decaauts)
 A = Elapsed time spent in this place.
 B = Non-inter-level travel time spent in this place.
 C = Inter-level travel time spent in this place.
 D = Time resting spent in this place.
 E = Time spent auto-exploring this place.
 F = Levels seen in this place.
 G = Mean time per level.
                   A        B        C        D        E       F      G
               +--------+--------+--------+--------+--------+-----+--------+
         Total |   7604 |   7604 |      0 |   4363 |      0 |   6 | 1267.3 |
       Dungeon |   7520 |   7520 |      0 |   4363 |      0 |   5 | 1504.0 |
        Temple |     83 |     83 |      0 |      0 |      0 |   1 |   83.0 |
               +--------+--------+--------+--------+--------+-----+--------+

Top non-repeatable levels by time:
     D:1: 3526 daAuts
     D:3: 1668 daAuts
     D:2: 1294 daAuts
     D:4: 856 daAuts
     D:5: 175 daAuts
  Temple: 83 daAuts
